AoeStats
← pelder787

Lombardia

508007213Analyzed
3v3 RM · 12d ago on Sep 20, 2026· 45m 33s· 6 players
Game mode
Random Map
Map size
Normal (6 player)
Population
200
Speed
Normal
Resources
Standard
Victory
Conquest
Starting age
Dark Age
Ending age
Imperial Age
RankedLock teamsTeams togetherTeam positionsShared explorationLock speedFull tech treeHidden civsTurbo modeCheats
Victory
Defeat
🇺🇸 Britons · United States
1037
+15
🇺🇸 Vietnamese · United States
986
+16
🇺🇸 Franks · United States
986
+17
🇻🇳 Khmer · Vietnam
1021
-17
🇻🇳 Bohemians · Vietnam
1011
-16
🇻🇳 Burgundians · Vietnam
983
-15
Barko
7:18 Loom
10:44 Feudal Age
11:27 Double-Bit Axe
14:28 Castle Age
15:38 Bow Saw
19:11 Horse Collar
23:06 Heavy Plow
24:18 Fletching
25:37 Wheelbarrow
24:49 Town Watch
26:52 Ballistics
27:26 Bodkin Arrow
27:32 Padded Archer Armor
27:20 Treadmill Crane
27:51 Masonry
28:11 Hand Cart
28:28 Stone Mining
28:29 Gold Mining
32:26 Imperial Age
30:48 Leather Archer Armor
31:41 Gold Shaft Mining
31:35 Yeomen
32:41 Elite Longbowman
34:29 Chemistry
33:37 Bracer
34:08 Ring Archer Armor
34:08 Conscription
34:45 Warwolf
42:37 Caravan
MisterBinks
11:42 Feudal Age
16:09 Castle Age
14:47 Double-Bit Axe
17:06 Horse Collar
19:26 Wheelbarrow
20:31 Gold Mining
23:26 Bow Saw
25:22 Hand Cart
27:39 Bloodlines
27:29 Husbandry
28:13 Loom
28:41 Scale Barding Armor
30:02 Town Watch
32:16 Chain Barding Armor
33:28 Forging
33:54 Heavy Plow
38:31 Imperial Age
36:20 Chatras
38:23 Ballistics
39:11 Iron Casting
39:58 Plate Barding Armor
39:55 Elite Battle Elephant
43:13 Caravan
45:03 Crop Rotation
44:41 Light Cavalry
pelder787
7:03 Loom
13:21 Feudal Age
14:03 Double-Bit Axe
21:26 Castle Age
21:07 Stone Mining
21:08 Gold Mining
21:32 Scale Barding Armor
21:37 Forging
22:22 Husbandry
24:16 Bow Saw
26:54 Pikeman
33:27 Gold Shaft Mining
36:00 Caravan
37:05 Coinage
40:24 Imperial Age
37:42 Town Watch
38:42 Chain Barding Armor
38:57 Iron Casting
38:24 Scale Mail Armor
41:57 Plate Barding Armor
41:28 Cavalier
42:57 Gambesons
43:14 Squires
45:31 Iron Casting
45:13 Chain Mail Armor
Soimeomeo
11:41 Feudal Age
19:29 Castle Age
19:19 Double-Bit Axe
20:21 Bow Saw
22:02 Horse Collar
32:35 Imperial Age
30:15 Pikeman
30:56 Squires
32:16 Scale Mail Armor
32:26 Forging
34:28 Chemistry
35:08 Two-Man Saw
35:02 Conscription
37:59 Wagenburg Tactics
41:18 Siege Engineers
40:52 Houfnice
dohoaan1801
4:01 Loom
11:09 Feudal Age
14:42 Castle Age
13:29 Double-Bit Axe
15:15 Horse Collar
19:58 Bow Saw
21:31 Gold Mining
24:45 Wheelbarrow
23:59 Town Watch
24:40 Heavy Plow
28:34 Caravan
29:24 Husbandry
29:35 Bloodlines
33:00 Imperial Age
32:22 Hand Cart
33:33 Scale Barding Armor
34:09 Forging
34:33 Elite Battle Elephant
35:42 Chain Barding Armor
36:02 Iron Casting
35:59 Siege Engineers
36:15 Ballistics
36:06 Town Patrol
37:04 Plate Barding Armor
37:51 Blast Furnace
38:09 Conscription
42:05 Tusk Swords
45:08 Fletching
zzzKIM
4:58 Loom
11:15 Feudal Age
10:43 Double-Bit Axe
11:54 Horse Collar
12:35 Bow Saw
19:01 Castle Age
16:56 Gold Mining
17:44 Heavy Plow
22:25 Scale Barding Armor
22:33 Cavalier
24:32 Forging
26:31 Iron Casting
27:37 Wheelbarrow
29:51 Gold Shaft Mining
29:17 Town Watch
31:16 Crop Rotation
35:09 Imperial Age
32:41 Pikeman
34:06 Hand Cart
33:56 Stone Mining
35:35 Elite Skirmisher
36:26 Halberdier
38:25 Ballistics
38:09 Scale Mail Armor
39:10 Blast Furnace
39:51 Fletching
40:02 Padded Archer Armor
40:20 Chain Mail Armor
41:08 Chemistry
40:42 Bodkin Arrow
40:19 Paladin
Connection lost

Rejoining the realm…

Still unreachable

The connection could not be restored.

Session expired

The server has moved on; the page needs a fresh start.